 Seeded DCSS version 0.29.1-15-g9cfb28693d (webtiles) character file.

Game seed: 9845822215292249863 (custom seed)

7 Psyclone the Conjurer (level 1, 10/10 HPs)
             Began as a Deep Elf Conjurer on Sept 24, 2023.
             Quit the game on level 1 of the Dungeon.
             The game lasted 00:01:49 (333 turns).

Psyclone the Conjurer (Deep Elf Conjurer)            Turns: 333, Time: 00:01:50

Health: 10/10      AC:  4    Str:  4    XL:     1   Next: 83%
Magic:  7/16       EV: 12    Int: 32    God:
Gold:   0          SH:  0    Dex: 13    Spells: 6/7 levels left

rFire   + . .      SeeInvis +   (no weapon)
rCold   . . .      Faith    .   (no shield)
rNeg    + . .      Spirit   .   g - +0 robe
rPois   .          Reflect  .   (no helmet)
rElec   +          Harm     .   (no cloak)
rCorr   .          Rampage  .   f - +1 pair of gloves of Indecent Exposure {rN+ Int+3 SInv Stlth+}
Will    +....                   (no boots)
Stlth   +++.......              (no amulet)
HPRegen 0.03/turn               c - ring of Owiubas {rElec rF+ Int+3}
MPRegen 0.15/turn               e - ring of the Present {Will+ MP+9 Int+4}

@: no status effects
A: no striking features
a: no special abilities


You were on level 1 of the Dungeon.
You visited 1 branch of the dungeon, and saw 1 of its levels.

Inventory:

Armour
 f - the +1 pair of gloves of Indecent Exposure (worn) {rN+ Int+3 SInv Stlth+}
   (You acquired it on level 1 of the Dungeon)

   Int:       It affects your intelligence (+3).
   rN:        It protects you from negative energy.
   SInv:      It lets you see invisible.
   Stlth:     It makes you more stealthy.
 g - a +0 robe (worn)
Magical Staves
 a - a staff of conjuration
Jewellery
 c - the ring of Owiubas (left hand) {rElec rF+ Int+3}
   (You acquired it on level 1 of the Dungeon)

   [ring of protection from fire]

   Int:       It affects your intelligence (+3).
   rF:        It protects you from fire.
   rElec:     It insulates you from electricity.
 e - the ring of the Present (right hand) {Will+ MP+9 Int+4}
   (You acquired it on level 1 of the Dungeon)

   [ring of magical power]

   Int:       It affects your intelligence (+4).
   MP:        It affects your magic capacity (+9).
   Will:      It increases your willpower.
 h - a ring of willpower
Scrolls
 d - a scroll of amnesia {unknown}
Potions
 b - 2 potions of magic


   Skills:
 - Level 2.4 Dodging
 - Level 2.4 Stealth
 + Level 3.8 Spellcasting
 - Level 4.3 Conjurations


You had 6 spell levels left.
You knew the following spells:

 Your Spells              Type           Power      Damage    Failure   Level
a - Magic Dart            Conj           100%       1d8       1%          1

Your spell library contained the following spells:

 Spells                   Type           Power      Damage    Failure   Level
 Searing Ray              Conj           68%        2d6       1%          2
 Dazzling Flash           Conj/Hex       40%        N/A       7%          3
 Fulminant Prism          Conj/Hex       10%        3d9       24%         4
 Iskenderun's Mystic Bla  Conj/Tloc      20%        2d6       24%         4


Dungeon Overview and Level Annotations

Branches:
Dungeon (1/15) Zot: 5665

Altars:


Message History

Aim: a quokka (almost dead, 100% to hit)
The magic dart hits the quokka.
You kill the quokka!
You now have 5/7 mp.
Casting: Magic Dart (safe; 1% risk of failure)
Confirm with . or Enter, or press ? or * to list all spells.
You can't see any susceptible monsters within range! (Use Z to cast anyway.) Unknown command.
Casting: Magic Dart (safe; 1% risk of failure)
Confirm with . or Enter, or press ? or * to list all spells.
You can't see any susceptible monsters within range! (Use Z to cast anyway.) Unknown command.
e - 2 scrolls of acquirement You see here a staff of conjuration.
Something appears at your feet! Something appears at your feet!
Okay, then.
e - the ring of the Present {Will+ MP+9 Int+4}
Things that are here:
the +1 pair of gloves of Indecent Exposure {rN+ Int+3 SInv Stlth+}; a staff of conjuration
f - the +1 pair of gloves of Indecent Exposure {rN+ Int+3 SInv Stlth+}
g - a staff of conjuration
b - 2 potions of magic (gained 1)
h - a ring of willpower MP restored: 7 Adjust (i)tems, (s)pells, or (a)bilities?
g - a staff of conjuration Adjust to which letter? (? for menu, Esc to quit)
a - a staff of conjuration;
g - a +0 robe (worn)
You start putting on your armour.
You continue putting on the +1 pair of gloves of Indecent Exposure {rN+ Int+3 SInv Stlth+}. x4
You finish putting on the +1 pair of gloves of Indecent Exposure {rN+ Int+3 SInv Stlth+}.
You feel clever.
You feel clever.
c - the ring of Owiubas (left hand) {rElec rF+ Int+3} You feel your magic capacity increase.
You feel clever.
e - the ring of the Present (right hand) {Will+ MP+9 Int+4} Unknown command.
Are you sure you want to abandon this character and quit the game? (Confirm with "yes".)

#######.##
##### #.#
#...# #.###
#...###....
#..........
#.######...
##########.#
...
#.(........#
...
#..@.....###
...
#........#
...
#........#
...
#...†......
############


There were no monsters in sight!

Vanquished Creatures
  A dart slug (D:1)
  A ball python (D:1)
  A quokka (D:1)
  A frilled lizard (D:1)
  A kobold (D:1)
5 creatures vanquished.

Notes
Turn   | Place    | Note
-------+----------+-------------------------------------------
     0 | D:1      | Psyclone the Deep Elf Conjurer began the quest for the Orb.
     0 | D:1      | Reached XP level 1. HP: 10/10 MP: 6/6
    35 | D:1      | Identified a scroll of acquirement
    35 | D:1      | Acquired the ring of Owiubas {rElec rF+ Int+3}
   311 | D:1      | Acquired the ring of the Present {Will+ MP+9 Int+4}
   312 | D:1      | Acquired the +1 pair of gloves of Indecent Exposure {rN+
                  | Int+3 SInv Stlth+}
   333 | D:1      | Quit the game

Illustrated notes

Levels and vault maps discovered:
D:1:      giann_bridges, layout_basic

Action                   || total
-------------------------++-------
 Cast: Magic Dart        ||    10
  Use: Scroll            ||     3
